 Dungeon Crawl Stone Soup version 0.21.1-1-g345015f (webtiles) character file.

47 microfolk the Skirmisher (level 3, 0/33 HPs)
             Began as a Minotaur Abyssal Knight on June 10, 2018.
             Was a Follower of Lugonu.
             Succumbed to an orc wizard's poison
             ... on level 1 of the Dungeon.
             The game lasted 00:03:32 (1456 turns).

microfolk the Skirmisher (Minotaur Abyssal Knight)  Turns: 1456, Time: 00:03:33

Health: 0/33       AC:  5    Str: 16    XL:     3   Next: 48%
Magic:  3/3        EV: 10    Int: 15    God:    Lugonu [*.....]
Gold:   118        SH:  0    Dex:  9    Spells: 2/2 levels left

rFire    . . .     SeeInvis .   a - +1 falchion
rCold    . . .     Gourm    .   (no shield)
rNeg     . . .     Faith    .   e - +0 ring mail
rPois    .         Spirit   .   (helmet restricted)
rElec    .         Reflect  .   (no cloak)
rCorr    .         Harm     .   (no gloves)
MR       .....                  (no boots)
Stlth    ..........             (no amulet)
HPRegen  0.11/turn              (no ring)
MPRegen  0.08/turn              (no ring)

@: brilliant, lethally poisoned (0 -> -40), flying
A: retaliatory headbutt, horns 2
a: Depart the Abyss, Renounce Religion


You were on level 1 of the Dungeon.
You worshipped Lugonu.
Lugonu was aware of your devotion.
You were hungry.

You visited 1 branch of the dungeon, and saw 2 of its levels.
You visited the Abyss 1 time.

You collected 118 gold pieces.

Inventory:

Hand Weapons
 a - a +1 falchion (weapon)
 j - a +0 hunting sling
Missiles
 f - 7 stones (quivered)
 h - 12 sling bullets
Armour
 e - a +0 ring mail (worn)
Scrolls
 k - a scroll of fear
 l - a scroll of amnesia {unknown}
Potions
 d - a potion of flight
Comestibles
 c - 3 rations


   Skills:
 + Level 4.2 Fighting
 + Level 3.1 Long Blades
 + Level 3.1 Armour
 - Level 1.1 Dodging
 + Level 2.4 Invocations


You had 2 spell levels left.
You didn't know any spells.

Dungeon Overview and Level Annotations

Branches:
Dungeon (2/15)

Altars:


Innate Abilities, Weirdness & Mutations

You reflexively headbutt those who attack you in melee.
You have a pair of horns on your head.


Message History

You bump into the rock wall.
* * * LOW HITPOINT WARNING * * *
You feel very sick.
You hear some strange, mumbled words.
Something tries to affect you, but you resist.
Unknown command.
You bump into the rock wall.
You feel less invigorated.
You feel less confused.
* * * LOW HITPOINT WARNING * * *
You feel very sick. Something hits you.
* * * LOW HITPOINT WARNING * * *
You are more poisoned.
You hit something.
* * * LOW HITPOINT WARNING * * *
You feel very sick.
You hear some strange, mumbled words.
Something tries to affect you, but you resist.
You closely miss something.
You die...

..........)...##...#...####.....#
..............'...........'......
........).....###......####......
#############.# #.........#......
#.###...#####.#......
#..........#..#.....#
#########..###.###.#.##.....#
#..........###...#.#.####....
#.......)>.{@................
#..........####..............
#..........#..'..............
#..........#.##..............
#..........#.#####'######....
#..........#.......# #....
#.........########## #....
#.........# #.... #.........#
#....


There were no monsters in sight!

Vanquished Creatures
  2 adders (D:2)
  A worm (D:2)
  A dart slug (D:1)
  A giant cockroach (D:1)
  5 goblins
  2 hobgoblins (D:1)
  4 kobolds (D:2)
  2 bats (D:1)
  2 frilled lizards
  5 rats
25 creatures vanquished.

Notes
Turn   | Place    | Note
-------+----------+-------------------------------------------
     0 | Abyss:1  | microfolk the Minotaur Abyssal Knight began the quest for the Orb.
     0 | Abyss:1  | Reached XP level 1. HP: 19/19 MP: 1/1
    35 | Abyss:1  | Noticed a smoke demon
    36 | D:1      | Escaped the Abyss
   442 | D:1      | Reached XP level 2. HP: 27/27 MP: 2/2
   478 | D:1      | Reached * piety under Lugonu
   824 | D:2      | Reached skill level 4 in Fighting
   855 | D:2      | Reached XP level 3. HP: 30/33 MP: 3/3
  1456 | D:1      | Succumbed to an orc wizard's poison

Skill      XL: |  1  2 |
---------------+-------+-----
Invocations    | 2 |  2.4
Fighting       | 4 |  4.2
Long Blades    | 3 |  3.1
Armour         | 3 |  3.1
Dodging        | |  1.1

Action                   || total
-------------------------++-------
Melee: Falchion          ||    67
       Headbutt          ||     5
Invok: Depart the Abyss  ||     1
  Use: Potion            ||     4
       Scroll            ||     1
  Eat: Chunk             ||     1
Armor: Ring mail         ||    17
Dodge: Dodged            ||    30
       Rpst.: Falchion   ||     9
